AoeStats
← DENNIS

Arena

510899751Analyzed
1v1 RM · 7h ago on Oct 3, 2026· 33m 8s· 2 players
Game mode
Random Map
Map size
Tiny (2 player)
Population
200
Speed
Normal
Resources
Standard
Victory
Conquest
Starting age
Dark Age
Ending age
Imperial Age
RankedLock teamsTeams togetherTeam positionsShared explorationLock speedFull tech treeHidden civsTurbo modeCheats
Victory
Defeat
🇨🇳 Japanese · China
1249
+14
🇸🇪 Khmer · Sweden
1216
-14
DENNIS
10:08 Feudal Age
10:13 Feudal Age
13:53 Castle Age
12:34 Double-Bit Axe
13:58 Horse Collar
15:55 Bow Saw
21:48 Wheelbarrow
25:55 Stone Mining
25:55 Gold Mining
26:58 Town Watch
30:07 Imperial Age
28:21 Tusk Swords
28:44 Hand Cart
28:21 Loom
28:47 Husbandry
28:57 Bloodlines
29:00 Scale Barding Armor
30:34 Gold Shaft Mining
30:53 Chain Barding Armor
30:44 Forging
31:01 Fletching
小雷同志
10:42 Feudal Age
11:37 Double-Bit Axe
14:29 Castle Age
12:30 Horse Collar
15:52 Bow Saw
16:56 Wheelbarrow
21:45 Heavy Plow
24:47 Hand Cart
24:17 Loom
24:18 Town Watch
27:48 Imperial Age
25:13 Gold Mining
25:16 Stone Mining
25:12 Pikeman
25:53 Squires
25:38 Arson
26:23 Scale Mail Armor
26:31 Treadmill Crane
27:03 Yasama
27:43 Chain Mail Armor
27:38 Forging
28:27 Gold Shaft Mining
27:51 Arson
28:12 Halberdier
28:49 Fletching
29:31 Plate Mail Armor
31:47 Guard Tower
34:29 Chemistry
33:49 Ballistics
Connection lost

Rejoining the realm…

Still unreachable

The connection could not be restored.

Session expired

The server has moved on; the page needs a fresh start.